 Dungeon Crawl Stone Soup version 0.26-a0-660-gc07710193c (console) character file.

Game seed: 5843641084164257699

33107 om the Fighter (level 13, -1/116 HPs)
             Began as a Minotaur Fighter on Oct 6, 2020.
             Was a High Priest of Cheibriados.
             Incinerated by a smoke demon (11 damage)
             ... with a sticky flame
             ... on level 2 of the Orcish Mines.
             The game lasted 00:27:52 (18229 turns).

om the Fighter (Minotaur Fighter)                  Turns: 18229, Time: 00:27:52

Health: -1/116     AC: 17    Str: 38      XL:     13   Next: 35%
Magic:  19/19      EV: 17    Int: 16 (18) God:    Cheibriados [*****.]
Gold:   1494       SH: 15    Dex: 28      Spells: 12/12 levels left

rFire    . . .     SeeInvis +   a - +0 war axe
rCold    . . .     Faith    .   c - +0 kite shield
rNeg     . . .     Spirit   .   L - +0 plate armour
rPois    +         Reflect  .   t - +2 hat
rElec    .         Harm     .   g - +2 cloak
rCorr    .         Rampage  .   E - +0 pair of gloves
MR       .....                  (no boots)
Stlth    ..........             (no amulet)
HPRegen  0.00/turn              A - ring of Arrival {rPois Dex+4}
MPRegen  0.16/turn              M - ring of see invisible

@: liquid flames, about to teleport, corroded, glowing, very slow
A: retaliatory headbutt, horns 2, inhibited regeneration
a: Bend Time, Temporal Distortion, Slouch, Step From Time, Renounce Religion


You were on level 2 of the Orcish Mines.
You worshipped Cheibriados.
Cheibriados was extremely pleased with you.
You visited 4 branches of the dungeon, and saw 17 of its levels.

You collected 1569 gold pieces.
You spent 75 gold pieces at shops.

Inventory:

Hand Weapons
 a - a +0 war axe (weapon)
 b - a +1 hand axe of electrocution
 h - a +0 shortbow
 O - a +2 hand axe of electrocution
Missiles
 u - 160 arrows
Armour
 c - a +0 kite shield (worn)
 g - a +2 cloak (worn)
 t - a +2 hat (worn)
 E - a +0 pair of gloves (worn)
 L - a +0 plate armour (worn)
Jewellery
 r - an uncursed ring of protection from fire
 y - an uncursed ring of ice
 A - the ring of Arrival (left hand) {rPois Dex+4}
   (You took it off a centaur on level 7 of the Dungeon)

   [ring of poison resistance]

   It affects your dexterity (+4).
   It protects you from poison.
 J - an uncursed ring of flight
 M - a ring of see invisible (right hand)
Wands
 e - a wand of digging (8)
 v - a wand of flame (6)
 C - a wand of enslavement (9)
 F - a wand of paralysis (2)
 G - a wand of polymorph (25)
Scrolls
 f - a scroll of fear
 i - 5 scrolls of magic mapping
 j - 3 scrolls of teleportation
 m - 7 scrolls of remove curse
 o - 3 scrolls of enchant armour
 p - 2 scrolls of enchant weapon {unknown}
 x - 2 scrolls of identify
 z - a scroll of blinking
 B - a scroll of acquirement {unknown}
 D - 2 scrolls of amnesia
 H - a scroll of silence
 I - 2 scrolls of fog
 P - a scroll of holy word {unknown}
Potions
 d - a potion of might
 k - 2 potions of heal wounds
 l - 4 potions of brilliance
 n - 2 potions of lignification
 q - a potion of haste {unknown}
 s - 3 potions of curing
 w - 3 potions of stabbing
 K - a potion of cancellation {unknown}
 N - a potion of degeneration {unknown}


   Skills:
 + Level 11.0 Fighting
 - Level 10.0 Axes
 - Level 9.1 Bows
 - Level 10.0 Armour
 - Level 10.0 Dodging
 - Level 10.0 Shields
 - Level 10.0 Invocations
 - Level 5.0 Evocations


You had 12 spell levels left.
You didn't know any spells.
Your spell library contained the following spells:

 Spells                   Type           Power        Failure   Level
 Corona                   Hex            #......      93%         1
 Ensorcelled Hibernation  Hex/Ice        #.....       98%         2
 Poisonous Vapours        Pois/Air       #.....       98%         2
 Confusing Touch          Hex            #.......     100%        3
 Conjure Flame            Conj/Fire      #.......     100%        3
 Dazzling Flash           Conj/Hex       #.....       100%        3
 Mephitic Cloud           Conj/Pois/Air  #.......     100%        3
 Tukima's Dance           Hex            #.......     100%        3
 Freezing Cloud           Conj/Ice/Air   #.........   100%        6


Dungeon Overview and Level Annotations

Branches:
Dungeon (13/15)            Temple (1/1) D:4            Lair (1/6) D:8
    Orc (2/2) D:10
    Elf: Orc:2       Vaults: D:13-14

Altars:
Ashenzari
Cheibriados
Dithmenos
Elyvilon
Fedhas
Gozag
Hepliaklqana
Kikubaaqudgha
Makhleb
Nemelex Xobeh
Okawaru
Qazlal
Ru
Sif Muna
Trog
Uskayaw
Vehumet
Wu Jian
Xom
Yredelemnul
Zin
The Shining One
Beogh

Shops:
Orc:2 !!

Annotations:
Orc:1 1 runed translucent door, CrawlingInMySkin's ghost, journeyman DgWn


Innate Abilities, Weirdness & Mutations

You reflexively headbutt those who attack you in melee.
You have a pair of horns on your head.
You do not regenerate when monsters are visible.


Message History

* * * LOW HITPOINT WARNING * * *
The smoke demon gestures at you. Something smites you!
* * * LOW HITPOINT WARNING * * *
You block the rust devil's attack.
The orc priest calls upon Beogh to heal the orc knight.
The orc knight's wounds heal themselves!
Press: ? - help, Dir - move target cursor
As you read the scroll of blinking, it crumbles to dust.
You are covered in liquid flames!
* * * LOW HITPOINT WARNING * * *
The orc warrior no longer looks unusually strong.
As you read the scroll of teleportation, it crumbles to dust.
You feel strangely unstable.
You are covered in liquid flames!
* * * LOW HITPOINT WARNING * * *
The orc knight roars a battlecry!
The orc warrior goes into a battle-frenzy!
You are covered in liquid flames!
You die...

......###.#.# ##o#.##
..[....###...## ##..3##
.)......###...## ##o3.##
#.#[.##..###..)## ##4.o##
.....###÷[###...## ##.o.##
......###.[###...###...##
.......###[[##....#.)..##..
....#...###[)#)#)...)#.#..#
...#.....###)).)..)).....#
..###.##..###...#.#.#...##
.## ###.#..###..@......##
## #...#..###..#.#..## .##
##......###.....## ..#
##......###∩.∩## .##
###.#...###.## ##
##.##.#.#### ### #...###.##
..## #....#...# ...#
#...###.## #.## ##.## ###
.#.## ###


You could see a rust devil and an orc warrior (strong).

Vanquished Creatures
  An orc warlord (D:10)
  A boulder beetle (D:13)
  2 hydras
  A centaur warrior (D:13)
  3 two-headed ogres
  An orc high priest (Orc:1)
  Nergalle (D:12)
  Sonja (D:11)
  A sixfirhy (Orc:2)
  Pikel (D:4)
  3 orc knights (Orc:2)
  An ugly thing (D:13)
  A cyclops (D:13)
  3 orc sorcerers
  Maurice (Orc:1)
  2 cane toads (Lair:1)
  2 hellwings (Orc:2)
  3 komodo dragons (Lair:1)
  6 trolls
  3 meliai (D:13)
  Prince Ribbit (D:5)
  6 slime creatures (D:13)
  2 hornets
  A raiju (shapeshifter) (D:13)
  3 blink frogs (Lair:1)
  A meliai zombie (D:13)
  A shadow (D:11)
  Sigmund (D:6)
  A wraith (D:10)
  A wyvern (D:13)
  A neqoxec (Orc:2)
  10 yaks (D:11)
  Eustachio (D:6)
  A chaos spawn (Orc:2)
  A steam dragon (D:12)
  Edmund (D:5)
  Duvessa (D:6)
  3 wargs
  5 water moccasins
  3 sky beasts
  27 orc warriors
  An ice beast (D:10)
  5 black bears
  3 phantoms
  A necrophage (D:13)
  14 centaurs
  6 ogres
  3 big kobolds
  A lemure (D:4)
  7 bullfrogs
  Dowan (D:6)
  3 scorpions
  19 wights
  4 killer bees (D:11)
  4 howler monkeys
  3 bullfrog zombies
  7 jellies
  3 hounds
  Ijyb (D:3)
  A gnoll shaman (D:8)
  37 orc priests
  Crazy Yiuf (D:6)
  4 centaur skeletons
  5 iguanas
  17 orc wizards
  14 worker ants
  2 hound zombies (D:5)
  2 hound skeletons
  10 gnolls
  13 adders
  3 white imps
  6 ufetubi
  An adder skeleton (D:8)
  3 dart slugs
  7 leopard geckos
  89 orcs
  4 giant cockroaches
  11 goblins
  4 hobgoblins
  7 jackals
  5 quokkas
  7 bats
  5 frilled lizards
  A jackal zombie (D:8)
  25 kobolds
  A leopard gecko skeleton (D:7)
  A quokka skeleton (D:8)
  A quokka zombie (D:5)
  4 rats
487 creatures vanquished.

Vanquished Creatures (others)
  An orc (Orc:1)
  5 fungi
  6 plants
12 creatures vanquished.

Grand Total: 499 creatures vanquished

Notes
Turn   | Place    | Note
-------+----------+-------------------------------------------
     0 | D:1      | om the Minotaur Fighter began the quest for the Orb.
     0 | D:1      | Reached XP level 1. HP: 19/19 MP: 0/0
   386 | D:1      | Reached XP level 2. HP: 27/27 MP: 1/1
   976 | D:2      | Reached XP level 3. HP: 33/33 MP: 2/2
  1000 | D:2      | Reached skill level 4 in Fighting
  1433 | D:2      | Found a shimmering altar of Xom.
  1742 | D:3      | Reached XP level 4. HP: 31/40 MP: 3/3
  1748 | D:3      | Reached skill level 5 in Axes
  1936 | D:3      | Noticed Ijyb
  1943 | D:3      | Killed Ijyb
  1943 | D:3      | Reached XP level 5. HP: 47/47 MP: 4/4
  2009 | D:3      | Reached skill level 5 in Fighting
  2649 | D:4      | Noticed a phantom
  2676 | D:4      | Killed a phantom
  2676 | D:4      | Reached skill level 1 in Dodging
  2676 | D:4      | Reached XP level 6. HP: 17/56 MP: 5/5
  2981 | D:4      | Found a burning altar of Makhleb.
  3474 | D:4      | Found a blossoming altar of Fedhas.
  3491 | D:4      | Found a staircase to the Ecumenical Temple.
  3498 | Temple   | Entered the Ecumenical Temple
  3714 | D:4      | Reached XP level 7. HP: 53/61 MP: 6/6
  3755 | D:4      | Found a stormy altar of Qazlal.
  3820 | D:4      | Reached skill level 5 in Dodging
  4050 | D:4      | Noticed Pikel
  4077 | D:4      | Killed Pikel
  4077 | D:4      | Reached skill level 5 in Armour
  4077 | D:4      | Reached XP level 8. HP: 44/68 MP: 7/7
  4334 | D:5      | Entered Level 5 of the Dungeon
  4342 | D:5      | Noticed Edmund
  4365 | D:5      | Killed Edmund
  4457 | D:5      | Noticed Prince Ribbit
  4683 | D:5      | Reached skill level 6 in Fighting
  5100 | D:5      | Killed Prince Ribbit
  5332 | D:5      | Reached skill level 7 in Fighting
  5679 | D:6      | Found a snail-covered altar of Cheibriados.
  5769 | D:6      | Became a worshipper of Cheibriados the Contemplative
  5803 | D:6      | Reached skill level 1 in Invocations
  5808 | D:6      | Reached XP level 9. HP: 79/79 MP: 7/9
  5892 | D:6      | Found a bloodstained altar of Trog.
  5895 | D:6      | Noticed Sigmund
  5907 | D:6      | Noticed Eustachio
  5907 | D:6      | Killed Sigmund
  5923 | D:6      | Killed Eustachio
  6065 | D:6      | Noticed Duvessa
  6065 | D:6      | Noticed Dowan
  6072 | D:6      | Killed Duvessa
  6074 | D:6      | Killed Dowan
  6144 | D:6      | Found a shimmering blue altar of Sif Muna.
  6176 | D:6      | Found a runed translucent door.
  6177 | D:6      | Noticed Crazy Yiuf
  6314 | D:6      | Killed Crazy Yiuf
  6389 | D:7      | Reached * piety under Cheibriados
  6561 | D:7      | Identified the ring of Arrival {rPois Dex+4}
  6569 | D:7      | Reached skill level 5 in Invocations
  7066 | D:8      | Reached ** piety under Cheibriados
  7331 | D:8      | Reached skill level 10 in Armour
  7347 | D:8      | Found a staircase to the Lair.
  7644 | D:8      | Reached XP level 10. HP: 88/88 MP: 12/12
  7684 | D:8      | Found a broken altar of Ashenzari.
  7685 | D:8      | Found a glowing golden altar of the Shining One.
  7879 | D:8      | Reached skill level 8 in Fighting
  7888 | D:8      | Reached *** piety under Cheibriados
  8464 | D:9      | Reached **** piety under Cheibriados
  8706 | D:9      | Found an opulent altar of Gozag.
  9009 | D:10     | Entered Level 10 of the Dungeon
  9410 | D:10     | Found a staircase to the Orcish Mines.
  9423 | D:10     | Reached skill level 10 in Dodging
  9432 | D:10     | Reached ***** piety under Cheibriados
  9664 | D:11     | Noticed Sonja
  9671 | D:11     | Killed Sonja
  9803 | D:11     | Reached skill level 10 in Shields
  9813 | D:11     | Found a shimmering blue altar of Sif Muna.
  9829 | D:11     | Reached XP level 11. HP: 94/94 MP: 13/13
 10451 | D:11     | Reached skill level 9 in Fighting
 10896 | Lair:1   | Entered Level 1 of the Lair of Beasts
 10978 | Lair:1   | Reached skill level 1 in Evocations
 11160 | Lair:1   | Found an ornate altar of the Wu Jian Council.
 11178 | Lair:1   | Noticed an eight-headed hydra
 11444 | Lair:1   | Killed an eight-headed hydra
 12809 | D:12     | Noticed a two-headed ogre
 12813 | D:12     | Killed a two-headed ogre
 13134 | D:12     | Noticed a five-headed hydra
 13141 | D:12     | Killed a six-headed hydra
 13141 | D:12     | Reached skill level 10 in Fighting
 13175 | D:12     | Reached XP level 12. HP: 106/106 MP: 17/17
 13315 | D:12     | Noticed Nergalle
 13327 | D:12     | Killed Nergalle
 13700 | D:13     | Noticed a centaur warrior
 13713 | D:13     | Killed a centaur warrior
 13713 | D:13     | Reached skill level 5 in Evocations
 13798 | D:13     | Noticed a boulder beetle
 13828 | D:13     | Killed a boulder beetle
 13828 | D:13     | Reached skill level 5 in Bows
 14164 | D:13     | Noticed a vault guard
 14164 | D:13     | Noticed a vault guard
 14979 | Orc:1    | Entered Level 1 of the Orcish Mines
 15004 | Orc:1    | Noticed an orc warlord
 15015 | Orc:1    | HP: 3/106 [orc warlord/+1 long sword of electrocution (15)]
 15789 | D:10     | HP: 2/106 [orc warlord/+1 long sword of electrocution (9)]
 15798 | D:10     | Killed an orc warlord
 15798 | D:10     | Reached skill level 10 in Invocations
 16473 | Orc:1    | Noticed an orc high priest
 16488 | Orc:1    | Killed an orc high priest
 16910 | Orc:1    | Found a runed translucent door.
 16910 | Orc:1    | Found a shimmering altar of Xom.
 16910 | Orc:1    | Noticed CrawlingInMySkin's ghost (journeyman DgWn)
 16933 | Orc:1    | Noticed Maurice
 16936 | Orc:1    | Noticed a two-headed ogre
 16948 | Orc:1    | Killed a two-headed ogre
 16948 | Orc:1    | Reached XP level 13. HP: 105/113 MP: 19/19
 16953 | Orc:1    | Killed Maurice
 17239 | Orc:1    | Found a roughly hewn altar of Beogh.
 17294 | Orc:2    | Entered Level 2 of the Orcish Mines
 17623 | Orc:2    | Found Qucynt's Distillery.
 17647 | Orc:2    | Reached skill level 10 in Axes
 17654 | Orc:2    | Found Emugaoc's Distillery.
 18041 | Orc:2    | Gained mutation: You do not regenerate when monsters are
                  | visible. [a neqoxec]
 18089 | Orc:2    | Bought a potion of heal wounds for 75 gold pieces
 18218 | Orc:2    | Reached skill level 11 in Fighting
 18229 | Orc:2    | Incinerated by a smoke demon

Illustrated notes

Levels and vault maps discovered:
D:1:      eino_arrival_water_cross, layout_basic
D:2:      layout_basic, lemuel_crystal_altar
D:3:      layout_loops_ring, dk_vineyard_1,
          wander_ebering_terrifying_dragon_lair, uniq_ijyb
D:4:      layout_loops_corners, grunt_temple_overflow_forces_of_nature,
          lemuel_crystal_altar, temple_green, uniq_pikel
D:5:      layout_basic, uniq_prince_ribbit1, uniq_edmund
D:6:      black_bear_nest_1, layout_rooms, bloody_trog, kennysheep_mini,
          lemuel_round_altar, serial_bayou_pond_a, minmay_misc_feat_plants,
          uniq_eustachio, uniq_crazy_yiuf_cottage, uniq_duvessa, uniq_sigmund
D:7:      layout_basic
D:8:      layout_basic, gammafunk_temple_overflow_pools
D:9:      layout_gridville, nicolae_gozag_cash_rules_everything_around_me,
          hangedman_abyss_or_decor_stagger, minmay_misc_feat_room
D:10:     layout_big_octagon, orc_0_dummy
D:11:     layout_gridville, lemuel_tele_altar, uniq_sonja
D:12:     layout_loops_corners, uniq_nergalle
D:13:     layout_cave_pools, grunt_vaults_entry_fortified
Temple:   minmay_temple_bridge_abc
Lair:1:   layout_layer_cave, basic_altar
Orc:1:    layout_diamond_mine, ebering_ghost_xom, minmay_orc_temple_c,
          uniq_maurice
Orc:2:    pf_orc_diabolical, layout_caves

Skill      XL: |  1  2  3  4  5  6  7  8  9 10 11 12 13 |
---------------+----------------------------------------+-----
Axes           | 3 4 5 6 7 10 | 10.0
Armour         | 4 5 7 10 | 10.0
Shields        | 4 7 8 10 | 10.0
Fighting       | 4 5 7 8 10 11 | 11.0
Dodging        | 1 4 5 6 10 | 10.0
Invocations    | 1 5 8 10 | 10.0
Evocations     | 4 5 |  5.0
Bows           | 2 9 |  9.1

Action                   |  1- 3 |  4- 6 |  7- 9 | 10-12 | 13-15 || total
-------------------------+-------+-------+-------+-------+-------++-------
Melee: War axe           |    71 |   129 |   245 |   556 |   155 ||  1156
       Headbutt          |     6 |    19 |    71 |   212 |    72 ||   380
Invok: Slouch            |       |       |       |     9 |       ||     9
       Step From Time    |       |       |       |     1 |       ||     1
       Bend Time         |       |       |       |     1 |       ||     1
Evoke: Wand              |       |       |       |    33 |       ||    33
  Use: Potion            |     1 |     1 |     2 |     1 |     3 ||     8
       Scroll            |       |       |     8 |    12 |     2 ||    22
 Stab: Paralysed         |       |       |       |     6 |     5 ||    11
Armor: Scale mail        |    29 |    68 |    87 |    74 |       ||   258
       Plate armour      |       |       |       |   137 |    33 ||   170
Dodge: Dodged            |    25 |    42 |   124 |   432 |    77 ||   700
Block: Kite shield       |    35 |    55 |   187 |   595 |   137 ||  1009

Table legend: (Time is in decaauts)
 A = Elapsed time spent in this place.
 B = Non-inter-level travel time spent in this place.
 C = Inter-level travel time spent in this place.
 D = Time resting spent in this place.
 E = Time spent auto-exploring this place.
 F = Levels seen in this place.
 G = Mean time per level.
                   A        B        C        D        E       F      G
               +--------+--------+--------+--------+--------+-----+--------+
         Total |  23400 |  21088 |   2312 |   3970 |  13538 |  17 | 1376.5 |
       Dungeon |  18265 |  16191 |   2074 |   2885 |  10568 |  13 | 1405.0 |
        Temple |    194 |    171 |     23 |      0 |    171 |   1 |  194.0 |
          Lair |   2289 |   2172 |    117 |    325 |   1671 |   1 | 2289.0 |
  Orcish Mines |   2650 |   2554 |     96 |    760 |   1126 |   2 | 1325.0 |
               +--------+--------+--------+--------+--------+-----+--------+

Top non-repeatable levels by time:
  Lair:1: 2289 daAuts
    D:12: 2145 daAuts
    D:10: 2094 daAuts
     D:8: 1931 daAuts
   Orc:1: 1874 daAuts
     D:4: 1669 daAuts
     D:5: 1610 daAuts
    D:11: 1600 daAuts
     D:9: 1479 daAuts
    D:13: 1064 daAuts
     D:6: 1031 daAuts
     D:1: 991 daAuts
     D:7: 977 daAuts
     D:3: 959 daAuts
   Orc:2: 775 daAuts
